AoeStats
← TM Caesar

Hideout

503697983Analyzed
4v4 RM · 1mo ago on Sep 1, 2026· 24m 11s· 8 players
Game mode
Random Map
Map size
Large (8 player)
Population
200
Speed
Normal
Resources
Standard
Victory
Conquest
Starting age
Dark Age
Ending age
Imperial Age
RankedLock teamsTeams togetherTeam positionsShared explorationLock speedFull tech treeHidden civsTurbo modeCheats
Victory
Defeat
🇹🇷 Ethiopians · Türkiye
1566
+15
🇦🇷 Cumans · Argentina
1557
+15
🇹🇷 Saracens · Türkiye
1555
+15
🇷🇸 Berbers · Serbia
1537
+16
🇦🇷 Japanese · Argentina
1570
-17
🇦🇷 Magyars · Argentina
1558
-16
🇨🇳 Saracens · China
1553
-16
🇨🇳 Malay · China
1487
-13
wajih9
10:54 Feudal Age
14:43 Castle Age
12:55 Horse Collar
14:15 Bloodlines
15:13 Double-Bit Axe
16:46 Scale Barding Armor
19:50 Bow Saw
20:13 Heavy Plow
23:05 Wheelbarrow
22:16 Town Watch
22:17 Loom
23:33 Gold Mining
24:45 Hand Cart
TM Caesar
8:58 Feudal Age
9:34 Double-Bit Axe
9:35 Horse Collar
20:49 Castle Age
19:43 Wheelbarrow
19:11 Gold Mining
20:08 Scale Barding Armor
21:22 Bloodlines
21:54 Chain Barding Armor
22:21 Bow Saw
22:11 Heavy Plow
22:27 Loom
22:55 Forging
imenek
8:43 Feudal Age
11:38 Loom
17:36 Double-Bit Axe
19:26 Fletching
21:20 Padded Archer Armor
22:39 Wheelbarrow
22:16 Horse Collar
26:05 Castle Age
GPA_Unreal
6:09 Loom
8:20 Feudal Age
8:57 Double-Bit Axe
12:35 Fletching
17:34 Horse Collar
20:18 Padded Archer Armor
23:04 Castle Age
22:05 Gold Mining
23:11 Crossbowman
[TOX2] A-c-Syno-666
6:55 Loom
7:11 Loom
9:07 Feudal Age
9:56 Double-Bit Axe
11:19 Horse Collar
DS_Moai
6:18 Loom
9:01 Feudal Age
9:06 Man-at-Arms
10:54 Arson
13:14 Double-Bit Axe
15:16 Scale Mail Armor
逸丶然
6:20 Loom
6:46 Loom
9:01 Feudal Age
9:43 Double-Bit Axe
12:35 Fletching
15:40 Padded Archer Armor
16:07 Gold Mining
23:25 Castle Age
23:28 Crossbowman
24:13 Bodkin Arrow
英雄无敌大天使
12:23 Feudal Age
13:02 Loom
15:55 Castle Age
15:30 Wheelbarrow
14:43 Double-Bit Axe
14:53 Horse Collar
16:13 Wheelbarrow
17:25 Husbandry
21:50 Scale Barding Armor
24:07 Forging
Connection lost

Rejoining the realm…

Still unreachable

The connection could not be restored.

Session expired

The server has moved on; the page needs a fresh start.